 Dungeon Crawl Stone Soup version 0.31-a0-216-g22e908daa7 (webtiles) character file.

Game seed: 10165571637510283969

177 qw the Shooter (level 5, -3/45 HPs)
             Began as a Minotaur Hexslinger on July 2, 2023.
             Slain by a gnoll
             ... wielding a +0 spear
              (4 damage)
             ... on level 4 of the Dungeon.
             The game lasted 00:00:59 (2188 turns).

qw the Shooter (Minotaur Hexslinger)                Turns: 2188, Time: 00:00:59

Health: -3/45      AC:  5    Str: 12    XL:     5   Next: 30%
Magic:  5/5        EV: 11    Int: 10    God:
Gold:   104        SH:  0    Dex: 15    Spells: 5/6 levels left

rFire   . . .        Y - +3 sling
rCold   + . .        (no shield)
rNeg    . . .        k - +0 ring mail
rPois   .            (helmet restricted)
rElec   .            (no cloak)
rCorr   .            (no gloves)
SInv    .            (no boots)
Will    .....        (no amulet)
Stlth   +            m - ring of protection from cold
HPRegen 0.27/turn    (no ring)
MPRegen 0.09/turn

%: no passive effects
@: lethally poisoned (-3 -> -27)
A: horns 2, retaliatory headbutt
a: no special abilities


You were on level 4 of the Dungeon.
You visited 1 branch of the dungeon, and saw 4 of its levels.

You collected 104 gold pieces.


Innate Abilities, Weirdness & Mutations

You have a pair of horns on your head.
You reflexively headbutt those who attack you in melee.


   Skills:
 - Level 3.0 Fighting
 + Level 5.4 Ranged Weapons
 - Level 1.0 Armour
 - Level 2.1 Dodging
 - Level 1.0 Spellcasting
 - Level 2.0 Hexes


You had 5 spell levels left.
You knew the following spells:

 Your Spells              Type           Power      Damage    Failure   Level
a - Slow                  Hex            16%        N/A       34%         1

Your spell library contained the following spells:

 Spells                   Type           Power      Damage    Failure   Level
 Inner Flame              Hex/Fire       2%         N/A       83%         3
 Portal Projectile        Hex/Tloc       4%         N/A       83%         3
 Cause Fear               Hex            2%         N/A       98%         4

Inventory:

Hand Weapons
 Y - a +3 sling (weapon)
Armour
 e - a +2 cloak
 k - a +0 ring mail (worn)
Jewellery
 m - a ring of protection from cold (left hand)
Scrolls
 g - a scroll of identify
Potions
 i - 2 potions of resistance

Dungeon Overview and Level Annotations

Branches:
Dungeon (4/15)             Temple (0/1) D:4

Altars:


Message History

The orc is severely wounded.
The orc barely misses you. You furiously retaliate!
You headbutt the orc.
You kill the orc!
You shoot a sling bullet.
The sling bullet closely misses the orc.
The sling bullet hits the orc!
You kill the orc!
You shoot a sling bullet.
The sling bullet closely misses the ball python.
The ball python misses you. The ball python grabs you.
The ball python constricts you.
You shoot a sling bullet. The sling bullet hits the ball python.
The ball python is severely wounded.
The ball python bites you. The ball python constricts you.
The water moccasin bites you.
You are poisoned.
The water moccasin poisons you! The ball python bites you.
The ball python constricts you. The worm barely misses you.
You shoot a sling bullet. The sling bullet hits the ball python.
You kill the ball python!
You feel very sick. The water moccasin closely misses you.
You furiously retaliate!
You headbutt the water moccasin, but do no damage.
The gnoll hits you from afar with a +0 spear.
The water moccasin closely misses you.
You shoot a sling bullet.
The sling bullet hits the water moccasin.
The water moccasin is moderately wounded.
You feel very sick. The water moccasin closely misses you.
The kobold hits you but does no damage.
The gnoll hits you from afar with a +0 spear.
The worm bites you. The water moccasin bites you.
You shoot a sling bullet.
The sling bullet closely misses the water moccasin.
You feel very sick. The water moccasin bites you!
You are more poisoned.
The water moccasin poisons you!
The gnoll hits you from afar with a +0 spear.
You die...

#### ...##
## #..# ...
##<##.....
##.........
#oK##...#..
#.#@S#.#...
...#w...# .#
......#g...#
.....#..
..>....
........
#....#.
......)#
#....#
.......
.#..# #....
..##.


You could see a water moccasin, a worm, a gnoll, an orc and a kobold.

Vanquished Creatures
  Natasha (thrice) (D:2)
  2 adders (D:2)
  A gnoll (D:4)
  A worm (D:2)
  A dart slug (D:1)
  8 orcs
  7 ball pythons
  2 endoplasms (D:1)
  A giant cockroach (D:1)
  7 goblins
  2 hobgoblins (D:2)
  5 jackals
  A quokka (D:4)
  4 bats
  4 frilled lizards
  8 kobolds
  7 rats
64 creatures vanquished.

Notes
Turn   | Place    | Note
-------+----------+-------------------------------------------
     0 | D:1      | qw the Minotaur Hexslinger began the quest for the Orb.
     0 | D:1      | Reached XP level 1. HP: 16/16 MP: 1/1
     0 | D:1      | 0 ||| qw: Version: 0.3-a-37-gdb0280a
     0 | D:1      | 0 ||| qw: Game counter: 7865
     0 | D:1      | 0 ||| qw: Melee chars always use a shield: true
     0 | D:1      | 0 ||| qw: God list: Okawaru
     0 | D:1      | 0 ||| qw: Allow faded altars: false
     0 | D:1      | 0 ||| qw: Do Orc after clearing Dungeon:15 true
     0 | D:1      | 0 ||| qw: Do second Lair branch before Depths: true
     0 | D:1      | 0 ||| qw: Lair rune preference: random
     0 | D:1      | 0 ||| qw: Goals: Normal
     0 | D:1      | 0 ||| PLANNING D:1-11
    73 | D:1      | Reached skill level 3 in Ranged Weapons
   106 | D:1      | Reached XP level 2. HP: 23/23 MP: 2/2
   366 | D:1      | Found a faded altar of an unknown god.
   452 | D:1      | 452 ||| UPGRADING to +0 leather armour.
   462 | D:1      | 462 ||| DROPPING +0 robe.
   463 | D:1      | 463 ||| UPGRADING to +0 ring mail.
   473 | D:1      | 473 ||| DROPPING +0 leather armour.
   474 | D:1      | 474 ||| UPGRADING to ring of protection from cold.
   475 | D:1      | 475 ||| READING 2 scrolls labelled YLAXEI ZEVOGO.
   476 | D:1      | 476 ||| READING scroll labelled ROATENK NANO.
   477 | D:1      | 477 ||| READING 2 scrolls labelled COEWES QAMPIA.
   478 | D:1      | 478 ||| READING scroll labelled IKEICV QUIXAC.
   479 | D:1      | 479 ||| DRINKING 2 green potions.
   480 | D:1      | 480 ||| DROPPING scroll of fear.
   481 | D:1      | 481 ||| DROPPING scroll of poison.
   546 | D:2      | Reached XP level 3. HP: 26/29 MP: 3/3
   778 | D:2      | Noticed Natasha
   784 | D:2      | Killed Natasha
   785 | D:2      | Reached skill level 4 in Ranged Weapons
   785 | D:2      | Reached XP level 4. HP: 27/36 MP: 4/4
   949 | D:2      | Reached skill level 1 in Armour
  1040 | D:2      | Noticed Natasha
  1050 | D:2      | Killed Natasha
  1238 | D:2      | Noticed Natasha
  1240 | D:2      | 1240 ||| FLEEEEING.
  1241 | D:2      | 1241 ||| FLEEEEING.
  1242 | D:2      | 1242 ||| FLEEEEING.
  1243 | D:2      | 1243 ||| FLEEEEING.
  1244 | D:2      | 1244 ||| FLEEEEING.
  1245 | D:2      | 1245 ||| FLEEEEING.
  1261 | D:2      | Killed Natasha
  1262 | D:2      | Reached skill level 5 in Ranged Weapons
  1422 | D:2      | Reached XP level 5. HP: 42/42 MP: 5/5
  1439 | D:2      | 1439 ||| DROPPING ring of flight.
  1440 | D:2      | 1440 ||| READING scroll labelled QYPRAA JADEMP.
  1441 | D:2      | 1441 ||| READING scroll labelled XEOFE RUVEL.
  1442 | D:2      | 1442 ||| DRINKING 2 purple potions.
  1478 | D:2      | 1478 ||| DRINKING 2 white potions.
  1479 | D:2      | 1479 ||| DROPPING potion of lignification.
  1480 | D:2      | 1480 ||| DROPPING potion of brilliance.
  1772 | D:3      | 1772 ||| SWAPPING to +3 sling.
  1773 | D:3      | 1773 ||| DROPPING +1 sling.
  1919 | D:3      | 1919 ||| READING scroll labelled ELYHUT ZIGIM.
  2152 | D:3      | 2152 ||| READING 2 scrolls of identify.
  2152 | D:3      | 2152 ||| IDENTIFYING sapphire potion
  2153 | D:3      | 2153 ||| DROPPING potion of ambrosia.
  2171 | D:4      | Reached skill level 3 in Fighting
  2171 | D:4      | Found a staircase to the Ecumenical Temple.
  2172 | D:4      | 2172 ||| PLANNING TEMPLE
  2181 | D:4      | Noticed a water moccasin
  2187 | D:4      | HP: 11/45 [water moccasin (6)]
  2188 | D:4      | HP: 1/45 [water moccasin (7)]
  2188 | D:4      | Slain by a gnoll

Levels and vault maps discovered:
D:1:      matt_arrival_diagonals, layout_rooms,
          shapermc_ecumenical_altar_mp_highgroup
D:2:      layout_basic, uniq_natasha
D:3:      minmay_general_purpose_star, layout_loops_ring, wad_floor_pattern_1
D:4:      layout_rooms, cheibriados_altar_1, minmay_temple_entry_mini_moons,
          gammafunk_ghost_smash, uniq_sigmund, uniq_grinder, uniq_pikel

Skill      XL: |  1  2  3  4  5 |
---------------+----------------+-----
Ranged Weapons | 3 4 5 |  5.4
Fighting       | 2 3 |  3.0
Armour         | 1 |  1.0
Dodging        | |  2.1
Spellcasting   | |  1.0
Hexes          | |  2.0

Action                     |  1- 3 |  4- 6 || total
---------------------------+-------+-------++-------
   Fire: Sling             |   112 |    90 ||   202
    Use: Scroll            |     4 |     4 ||     8
         Potion            |     1 |     2 ||     3
 Armour: Robe              |     5 |       ||     5
         Ring mail         |    13 |    18 ||    31
  Dodge: Dodged            |    31 |    40 ||    71

Table legend:
 A = Non-vault XP
 B = Vault XP
 C = Vault XP percentage of total XP
 D = Non-vault monster count
 E = Vault monster count
 F = Vault count percentage of total count
                 A         B        C        D         E       F
            +---------+---------+-------+---------+---------+-------
      Total |     210 |      43 |  17.0 |      60 |       4 |   6.2
            +---------+---------+-------+---------+---------+-------
        D:1 |      38 |       0 |   0.0 |      22 |       0 |   0.0
        D:2 |     123 |      36 |  22.6 |      19 |       1 |   5.0
        D:3 |      25 |       7 |  21.9 |      14 |       3 |  17.6
        D:4 |      24 |       0 |   0.0 |       5 |       0 |   0.0
            +---------+---------+-------+---------+---------+-------
